Unix NetHack Version 3.7.0-59 Work-in-progress - last build May 31 2022 12:28:31 (9682f85d67e5dc958826419965e067e47ead9563,branch:master). Game began 2022-06-01 04:45:41, ended 2022-06-01 07:14:53. ichbinmiah, neutral male human Ranger --. --- |.... --.---...- .........| .........-- ..--......- ..--..o@...| ......d....- .....%....... ............. .......---.. -....-- --.-- --- Ichbinmiah the Trailblazer St:17 Dx:13 Co:16 In:13 Wi:15 Ch:8 Neutral Dlvl:4 $:63 HP:0(39) Pw:30(30) AC:-2 Xp:6/404 T:5243 Latest messages: The hill orc hits! You kill the hill orc! The hill orc misses! The hill orc thrusts her crude dagger. The hill orc hits! You hit the hill orc! The hill orc hits! The hill orc thrusts her crude dagger. The hill orc hits! You kill the hill orc! The hill orc picks up an iron skull cap. The hill orc puts on an iron skull cap. The hill orc thrusts her crude dagger. The hill orc hits! You hit the hill orc! The hill orc thrusts her crude dagger. The hill orc hits! It misses the hill orc. You hit the hill orc! The hill orc thrusts her crude dagger. The hill orc hits! It bites the hill orc. The hill orc is killed! You hit the hill orc! The hill orc misses! You hit the hill orc! The hill orc turns to flee. The hill orc picks up a curved sword. The hill orc picks up an iron skull cap. The hill orc swings his curved sword. The hill orc hits! It bites the hill orc. The hill orc is killed! You miss the hill orc. YipYip eats a hill orc corpse. You hit the hill orc! The hill orc swings her curved sword. The hill orc hits! You hit the hill orc. The hill orc turns to flee. You hit the hill orc! You hit the hill orc! The hill orc swings his curved sword. The hill orc hits! You die... Do you want your possessions identified? [ynq] (y) Do you want to see your attributes? [ynq] (y) Do you want an account of creatures vanquished? [ynaq] (y) Do you want to see your conduct and achievements? [ynq] (y) Do you want to see the dungeon overview? [ynq] (y) Major events: Turn 1: ichbinmiah the neutral male human Ranger entered the dungeon 1284: attained the rank of Lookout (level 3) 3376: entered the Gnomish Mines 4886: attained the rank of Trailblazer (level 6) 5243: killed by a hill orc Inventory: Coins $ - 63 gold pieces Weapons c - 51 uncursed +2 arrows (in quiver) b - an uncursed +1 bow (alternate weapon; not wielded) a - an uncursed +1 dagger (weapon in hand) z - an uncursed +0 dagger r - an uncursed +2 orcish dagger k - an uncursed +1 orcish dagger Armor n - an uncursed +0 orcish helm (being worn) F - an uncursed +0 pair of iron shoes (being worn) e - an uncursed +2 cloak of displacement (being worn) C - an uncursed +0 banded mail (being worn) Wands w - an uncursed wand of fire (0:5) m - an uncursed wand of sleep named sleep or death (0:7) Tools p - an uncursed +0 pick-axe Ichbinmiah the Ranger's attributes: Background: You were a Trailblazer, a level 6 male human Ranger. You were neutral, on a mission for Venus who was opposed by Mercury (lawful) and Mars (chaotic). You were in the Gnomish Mines, on level 4. You entered the dungeon 5243 turns ago. There was a new moon in effect when your adventure ended. You had 404 experience points, 236 more were needed to attain level 7. Basics: You had 0 out of 39 hit points. You had all 30 energy points (spell power). Your armor class was -2. Your wallet contained 63 zorkmids. Autopickup was on for '$?!/="+*' plus thrown, with exceptions. Final Characteristics: Your strength was 17 (limit:18/100). Your dexterity was 13 (limit:18). Your constitution was 16 (limit:18). Your intelligence was 13 (limit:18). Your wisdom was 15 (limit:18). Your charisma was 8 (limit:18). Final Status: You were not hungry. You were unencumbered. You were wielding a dagger. You were skilled in dagger. Final Attributes: You were piously aligned. You were telepathic. You had automatic searching. You were displaced. You were warded. You are dead. Miscellaneous: You never encountered a bones level. Total elapsed playing time was 36 minutes and 54 seconds. Vanquished creatures: a rock piercer 4 shriekers a gnome leader 6 floating eyes a kitten 3 dwarves a kobold leader 5 hill orcs 2 giant bats 5 orc zombies a werejackal 5 iguanas 4 acid blobs 5 coyotes a hobbit 2 manes 2 yellow molds 7 gnomes 2 gnome zombies 4 geckos 3 jackals 2 foxes a kobold 3 goblins 2 sewer rats 4 grid bugs 4 bats 8 lichens a kobold zombie 9 newts 99 creatures vanquished. No species were genocided or became extinct. Voluntary challenges: You read items or engraved 4 times. You engraved Elbereth 3 times. You never genocided any monsters. You never polymorphed an object. You never changed form. You used no wishes. Achievements: You attained the rank of Lookout. You entered the Gnomish Mines. You attained the rank of Trailblazer. The Dungeons of Doom: levels 1 to 5 Level 1: A fountain. Level 2: A fountain. Level 3: An altar to Venus. Stairs down to The Gnomish Mines. Level 4: "chest on level, werecreature" Level 5: The Gnomish Mines: Level 4: <- You were here. Final resting place for you, killed by a hill orc. Game over: ---------- / \ / REST \ / IN \ / PEACE \ / \ | ichbinmiah | | 63 Au | | killed by a hill | | orc | | | | | | 2022 | *| * * * | * _________)/\\_//(\/(/\)/\//\/|_)_______ Goodbye ichbinmiah the Ranger... You died in The Gnomish Mines on dungeon level 4 with 1883 points, and 63 pieces of gold, after 5243 moves. You were level 6 with a maximum of 39 hit points when you died.